Map: Dusk Towers

Players

aznkiller

  • Race: Zerg Zerg
  • League: Diamond

LilDicky - Winner!

  • Race: Terran Terran
  • League: Diamond

VOD

http://www.twitch.tv/tumescentpie

Description

Time

  • Played on: Dec. 20, 2015, 2:52 p.m.
  • Length: 9:31
Show
View Real Time Build Order
Export as new Build Order

aznkiller Zerg 

Build Orders: Hatch First, Muta Ling Bane 

Get SALT Encoding   

  12  0:01  Drone  
  13  0:12  Overlord  
  13  0:18  Drone  
  14  0:30  Drone  
  14  0:31  Drone  
  16  0:36  Drone  
  17  0:45  Drone  
  18  0:58  Hatchery  
  17  1:10  Spawning Pool  
  16  1:13  Drone  
  17  1:21  Drone  
  17  1:23  Drone  
  19  1:34  Drone  
  19  1:37  Extractor  
  19  1:41  Overlord  
  19  1:51  Drone  
  20  1:56  Extractor  
  20  1:57  Queen  
  21  2:09  Drone  
  22  2:21  Hatchery  
  22  2:25  Drone x3  
  22  2:26  Drone  
  25  2:39  Queen  
  27  2:51  Metabolic Boost  
  27  2:55  Drone x2  
  27  2:57  Drone x3  
  32  3:04  Overlord  
  32  3:08  Zergling x4  
  34  3:16  Overlord  
  34  3:21  Queen  
  34  3:23  Zergling x2  
  34  3:25  Drone x2  
  39  3:32  Drone x2  
  39  3:33  Queen  
  43  3:39  Drone  
  43  3:40  Drone x2  
  43  3:41  Drone  
  47  3:54  Extractor  
  46  3:57  Drone x2  
  46  3:58  Drone x2  
  50  4:06  Overlord x2  
  50  4:07  Spore Crawler  
  49  4:14  Queen  
  51  4:17  Spore Crawler  
  51  4:19  Drone x5  
  51  4:20  Drone x2  
  56  4:35  Lair, Extractor  
  56  4:36  Extractor  
  54  4:39  Evolution Chamber  
  54  4:41  Evolution Chamber  
  54  4:45  Zergling x12  
  58  5:06  Drone x6  
  58  5:07  Drone  
  65  5:10  Zerg Melee Weapons Level 1  
  65  5:11  Baneling Nest  
  65  5:13  Zerg Ground Armor Level 1  
  64  5:17  Zergling x2  
  65  5:21  Overlord x2  
  65  5:39  Queen  
  65  5:40  Spire  
  65  5:41  Drone  
  65  5:42  Drone x6  
  73  5:43  Drone  
  74  5:57  Centrifical Hooks  
  74  6:00  Baneling  
  74  6:01  Baneling x5  
  74  6:08  Drone x5  
  74  6:09  Drone x2  
  74  6:11  Extractor  
  80  6:13  Extractor  
  79  6:29  Zergling x2  
  80  6:46  Hatchery  
  79  6:50  Spine Crawler  
  79  6:53  Mutalisk x2  
  82  6:54  Overlord  
  82  6:55  Overlord x2  
  82  6:57  Overlord, Spine Crawler  
  81  7:06  Overlord x2  
  81  7:09  Drone  
  81  7:13  Mutalisk  
  81  7:14  Mutalisk x6  
  96  7:23  Mutalisk  
  89  7:38  Zergling x24  
  90  7:47  Zergling x4  
  87  7:54  Zergling x10  
  87  8:00  Drone x3  
  87  8:01  Drone x2  
  87  8:02  Drone  
  87  8:16  Mutalisk x3  
  87  8:17  Mutalisk, Zergling x2  
  88  8:25  Mutalisk x4  
  92  8:39  Zergling x8  
  88  8:55  Drone x3  
  89  8:56  Drone x6  
  89  8:57  Drone  
  98  9:06  Drone x5  
Show
View Real Time Build Order
Export as new Build Order

LilDicky Terran - Winner!

Build Orders: MMM Bio 

Get SALT Encoding   

  12  0:06  SCV  
  13  0:18  SCV  
  14  0:26  Supply Depot  
  14  0:31  SCV  
  15  0:48  SCV  
  16  0:58  Barracks  
  16  1:00  SCV  
  17  1:15  Command Center  
  17  1:17  SCV  
  18  1:29  SCV  
  19  1:41  SCV  
  20  1:47  Marine  
  20  1:48  Supply Depot  
  21  2:02  SCV  
  21  2:05  Marine  
  23  2:16  Command Center  
  23  2:21  Refinery  
  23  2:28  Orbital Command  
  23  2:32  Marine  
  23  2:35  Orbital Command  
  24  2:50  Marine  
  25  2:54  SCV  
  26  2:59  Refinery  
  26  3:04  SCV  
  27  3:07  SCV  
  27  3:08  Marine  
  29  3:16  Supply Depot  
  29  3:20  SCV x2  
  29  3:26  Marine  
  32  3:29  Barracks  
  32  3:30  Barracks  
  32  3:32  Factory  
  32  3:33  SCV x2  
  34  3:40  Orbital Command  
  34  3:54  SCV  
  34  3:55  SCV  
  36  3:57  Barracks Reactor  
  36  4:00  Supply Depot  
  36  4:07  SCV x2  
  36  4:08  SCV  
  39  4:16  Factory Reactor  
  39  4:18  Starport  
  39  4:19  SCV, Barracks Tech Lab x2  
  39  4:22  SCV x2  
  42  4:28  Orbital Command  
  42  4:31  SCV  
  43  4:34  Bunker  
  43  4:37  SCV  
  44  4:40  Stimpack  
  44  4:44  Marine x3  
  44  4:45  Marine  
  48  4:47  SCV, Refinery  
  48  4:48  Refinery  
  48  4:49  SCV  
  50  4:54  Combat Shields  
  51  5:00  SCV x2  
  51  5:01  Marine  
  51  5:02  Marine  
  54  5:08  SCV  
  55  5:15  Medivac  
  55  5:17  Barracks  
  55  5:18  Barracks  
  55  5:19  SCV x2, Barracks  
  55  5:20  Marine  
  60  5:22  Marine x3  
  63  5:32  Engineering Bay  
  63  5:35  Engineering Bay  
  63  5:36  SCV x3  
  63  5:38  Widow Mine, Marine  
  63  5:40  Marine x3  
  63  5:42  Medivac  
  74  5:45  Medivac  
  74  5:48  SCV  
  77  5:55  Supply Depot  
  77  5:57  Supply Depot  
  77  5:59  Terran Infantry Weapons Level 1  
  77  6:12  Refinery  
  77  6:15  Terran Infantry Armor Level 1  
  77  6:16  Barracks Reactor x2, Marine x4  
  77  6:17  SCV x3  
  77  6:18  Barracks Reactor  
  84  6:21  Supply Depot  
  84  6:22  Supply Depot  
  84  6:27  Medivac  
  84  6:29  SCV x3  
  89  6:34  Marine x4  
  93  6:42  SCV  
  94  6:52  Marine x4  
  98  6:54  Supply Depot  
  98  7:00  SCV x2  
  100  7:04  Command Center  
  100  7:08  Supply Depot  
  100  7:09  Supply Depot x2, Marine x2  
  100  7:10  Armory, Marine x2  
  100  7:11  Marine  
  100  7:12  Marine x4  
  109  7:15  Marine  
  109  7:17  Barracks  
  109  7:19  Barracks  
  109  7:22  Barracks  
  108  7:26  Supply Depot  
  108  7:27  Marine x2  
  108  7:28  Marine x2  
  108  7:29  Marine  
  98  7:42  Marine x4  
  98  7:43  Marine  
  99  7:44  Marine  
  99  7:45  Marine  
  99  7:46  Marauder x2  
  99  7:47  Marine  
  102  7:59  Medivac  
  102  8:00  Medivac, Widow Mine, Marine x4  
  102  8:01  Marine  
  102  8:02  Marine  
  102  8:03  Marine  
  102  8:05  Marine  
  108  8:13  Missile Turret  
  108  8:14  Missile Turret  
  108  8:18  Marine x2  
  108  8:19  Missile Turret  
  109  8:27  Missile Turret  
  109  8:33  Missile Turret  
  105  8:34  Marine x4  
  105  8:35  Marine x4  
  105  8:36  Marine x3, Marauder x2  
  112  8:57  Marauder  
  112  8:58  Marauder  
  116  9:04  Supply Depot  
  116  9:08  Barracks Reactor x3, Missile Turret  
  116  9:09  Marine x3  
  119  9:10  Supply Depot  
  119  9:16  SCV x3  
Tags
 
Add a new tag
Caveats
  • Supply blocks, unpowered buildings, or Contaminate may cause inaccurate times.
  • Supply counts are checked every 10 seconds.